 Dungeon Crawl Stone Soup version 0.21.1-1-g345015f (webtiles) character file.

952 Lilu the Destroyer (level 7, 0/44 HPs)
             Began as a Deep Elf Conjurer on July 24, 2018.
             Slain by a worker ant (2 damage)
             ... on level 3 of the Dungeon.
             The game lasted 00:30:20 (4670 turns).

Lilu the Destroyer (Deep Elf Conjurer)              Turns: 4670, Time: 00:30:26

Health: 0/44       AC:  2    Str:  7    XL:     7   Next: 90%
Magic:  3/22       EV: 13    Int: 20    God:
Gold:   213        SH:  0    Dex: 15    Spells: 5/12 levels left

rFire    . . .     SeeInvis .   v - -1 falchion (curse)
rCold    . . .     Gourm    .   (no shield)
rNeg     . . .     Faith    .   a - +0 robe
rPois    .         Spirit   .   (no helmet)
rElec    .         Reflect  .   (no cloak)
rCorr    .         Harm     .   (no gloves)
MR       .....                  (no boots)
Stlth    ++........             (no amulet)
HPRegen  0.14/turn              r - ring of magical power
MPRegen  0.18/turn              u - ring of flight

@: lethally poisoned (0 -> -15)
A: no striking features
a: Evoke Flight


You were on level 3 of the Dungeon.
You were hungry.

You visited 1 branch of the dungeon, and saw 4 of its levels.

You collected 213 gold pieces.

Inventory:

Hand Weapons
 d - a +0 club
 s - a +0 dagger of venom
 v - a cursed -1 falchion (weapon)
 y - a +2 flail of crushing
 A - a +1 dagger of electrocution
Armour
 a - a +0 robe (worn)
 h - a +2 buckler
 t - a +0 pair of gloves
Jewellery
 r - a ring of magical power (left hand)
 u - a ring of flight (right hand)
Scrolls
 e - 4 scrolls of remove curse
 g - a scroll of enchant armour {unknown}
 i - 7 scrolls of identify {unknown}
 j - a scroll of noise {unknown}
 k - a scroll of immolation
 n - 2 scrolls of enchant weapon {unknown}
 o - 2 scrolls of teleportation {unknown}
 p - a scroll of random uselessness {unknown}
 z - a scroll of fear {unknown}
 C - a scroll of amnesia {unknown}
Potions
 l - a potion of agility {unknown}
 m - a potion of haste {unknown}
 q - a potion of brilliance {unknown}
 w - a potion of invisibility {unknown}
 B - a potion of cancellation {unknown}
Books
 b - a book of Conjurations

   Spells                             Type                      Level
   a - Magic Dart                     Conjuration                  1
   b - Searing Ray                    Conjuration                  2
   c - Dazzling Spray                 Conjuration/Hexes            3
   d - Fulminant Prism                Conjuration/Hexes            4
   e - Force Lance                    Conjuration/Translocation    4
   f - Iskenderun's Mystic Blast      Conjuration                  4
Comestibles
 c - 7 rations
 x - 2 chunks of flesh


   Skills:
 * Level 5.5 Fighting
 - Level 2.4 Dodging
 - Level 2.4 Stealth
 - Level 3.0 Spellcasting
 - Level 8.0 Conjurations


You had 5 spell levels left.
You knew the following spells:

 Your Spells              Type           Power        Failure   Level  Hunger
a - Magic Dart            Conj           ####         1%          1    None
b - Searing Ray           Conj           #####.       1%          2    ##.....
c - Iskenderun's Mystic   Conj           #####...     5%          4    ####...


Dungeon Overview and Level Annotations

Branches:
Dungeon (4/15)
 Temple: D:4-7

Altars:
Dithmenos
Fedhas
Kikubaaqudgha


Message History

You are lethally poisoned!
The worker ant poisons you!
You barely miss the worker ant.
The worker ant is almost dead.
* * * LOW HITPOINT WARNING * * *
You feel sick. The quokka barely misses you.
You riposte.
You hit the quokka.
The quokka is almost dead.
The worker ant bites you.
* * * LOW HITPOINT WARNING * * *
The quokka bites you but does no damage.
The worker ant closely misses you.
Okay, then.
You feel much better.
You feel sick. The quokka closely misses you.
You riposte.
You hit the quokka.
The quokka explodes!
The fiery explosion engulfs you!
Ouch! That really hurt!
* * * LOW HITPOINT WARNING * * *
The worker ant bites you.
You die...

#.##.#.#####..)<[###.# #
#.##.#.#####.........####
#................#.......
####.#######.....#.......
#.# #######....### #.#
###..... #.# ##.##.
#.######## #.##.
#...a@ยงยง.# #....
########.# ####.
#.############.
#..............
############.## #.#. #.#.
#... #.##


You could see a worker ant (inner flame).

Vanquished Creatures
  Sigmund (D:4)
  Edmund (D:4)
  A sky beast (D:4)
  An ogre (D:4)
  Blork the orc (D:4)
  The ghost of Lilu the Conjurer, a weakling DECj (D:4)
  2 orc priests
  3 orc wizards
  Jessica (D:3)
  3 worker ants
  6 adders
  An ooze (D:1)
  4 worms
  6 leopard geckos
  13 orcs
  3 ball pythons
  3 giant cockroaches
  3 goblins
  7 hobgoblins
  2 jackals (D:1)
  A quokka (D:3)
  8 bats
  2 frilled lizards (D:1)
  13 kobolds
  8 rats
95 creatures vanquished.

Notes
Turn   | Place    | Note
-------+----------+-------------------------------------------
     0 | D:1      | Lilu the Deep Elf Conjurer began the quest for the Orb.
     0 | D:1      | Reached XP level 1. HP: 10/10 MP: 6/6
   163 | D:1      | Reached XP level 2. HP: 14/15 MP: 0/8
   211 | D:1      | Reached skill level 5 in Conjurations
   290 | D:1      | Learned a level 2 spell: Searing Ray
   618 | D:2      | Reached XP level 3. HP: 18/19 MP: 5/9
   891 | D:2      | Reached skill level 6 in Conjurations
  1059 | D:2      | Reached XP level 4. HP: 24/24 MP: 6/10
  1083 | D:2      | Learned a level 4 spell: Iskenderun's Mystic Blast
  1560 | D:3      | Found a faded altar of an unknown god.
  1631 | D:3      | Found an ancient bone altar of Kikubaaqudgha.
  1635 | D:3      | Found a shadowy altar of Dithmenos.
  2394 | D:3      | Reached skill level 7 in Conjurations
  2397 | D:3      | Reached XP level 5. HP: 27/28 MP: 11/11
  2536 | D:3      | Noticed Jessica
  2537 | D:3      | Killed Jessica
  3306 | D:4      | Reached XP level 6. HP: 28/33 MP: 12/12
  3309 | D:3      | Reached skill level 8 in Conjurations
  3389 | D:4      | Noticed Lilu's ghost (weakling DECj)
  3389 | D:4      | Reached skill level 1 in Fighting
  3505 | D:4      | Killed Lilu's ghost
  3556 | D:4      | Noticed Sigmund
  3939 | D:4      | Killed Sigmund
  3939 | D:4      | Reached XP level 7. HP: 40/41 MP: 13/13
  4013 | D:4      | Noticed Edmund
  4033 | D:4      | Killed Edmund
  4194 | D:4      | Noticed Blork the orc
  4200 | D:4      | Killed Blork the orc
  4320 | D:4      | Reached skill level 5 in Fighting
  4574 | D:3      | Found a blossoming altar of Fedhas.
  4670 | D:3      | HP: 2/44 [quokka/exploding inner flame[the player character] (26)]
  4670 | D:3      | Slain by a worker ant

Skill      XL: |  1  2  3  4  5  6  7 |
---------------+----------------------+-----
Conjurations   | 5 6 7 8 |  8.0
Fighting       | 3 5 |  5.5
Dodging        | |  2.4
Stealth        | |  2.4
Spellcasting   | |  3.0

Action                   |  1- 3 |  4- 6 |  7- 9 || total
-------------------------+-------+-------+-------++-------
Melee: Unarmed           |     4 |       |       ||     4
       Club              |       |    11 |       ||    11
       Falchion          |       |       |     5 ||     5
 Cast: Magic Dart        |    54 |    73 |    10 ||   137
       Searing Ray       |     4 |     7 |     5 ||    16
       Iskenderun's Myst |       |    24 |    17 ||    41
  Use: Scroll            |     2 |       |     1 ||     3
       Potion            |       |       |     2 ||     2
  Eat: Chunk             |       |    11 |     5 ||    16
       Ration            |       |     1 |       ||     1
Armor: Robe              |     4 |     6 |     3 ||    13
Dodge: Dodged            |    10 |    37 |    27 ||    74
       Rpst.: Falchion   |       |     4 |    13 ||    17
